 Dungeon Crawl Stone Soup version 0.28.0-53-g5a82cb258f (webtiles) character file.

Game seed: 8271495094164000737

4362 Peloso the Carver (level 10, -5/86 HPs)
             Began as a Minotaur Fighter on May 29, 2022.
             Was a Follower of Okawaru.
             Killed by divine providence
             ... invoked by an orc priest
              (12 damage)
             ... on level 9 of the Dungeon.
             The game lasted 00:13:39 (9323 turns).

Peloso the Carver (Minotaur Fighter)                Turns: 9323, Time: 00:13:40

Health: -5/86      AC: 15    Str: 23    XL:     10   Next: 12%
Magic:  9/9        EV:  6    Int:  5    God:    Okawaru [*.....]
Gold:   421        SH: 15    Dex: 12    Spells: 9/9 levels left

rFire   . . .      SeeInvis .   a - +4 falchion
rCold   . . .      Faith    .   g - +0 kite shield
rNeg    . . .      Spirit   .   p - +0 plate armour
rPois   .          Reflect  +   (helmet restricted)
rElec   .          Harm     .   (no cloak)
rCorr   .          Rampage  .   h - +0 pair of gloves
Will    .....                   (no boots)
Stlth   ..........              C - amulet of reflection
HPRegen 0.24/turn               (no ring)
MPRegen 0.11/turn               (no ring)

@: no status effects
A: horns 2, retaliatory headbutt
a: Renounce Religion, Heroism


You were on level 9 of the Dungeon.
You worshipped Okawaru.
Okawaru was aware of your devotion.
You visited 2 branches of the dungeon, and saw 10 of its levels.

You collected 421 gold pieces.

Inventory:

Hand Weapons
 a - a +4 falchion (weapon)
 b - a +2 spear of flaming
Armour
 c - a +0 buckler
 e - a +0 chain mail
 g - a +0 kite shield (worn)
 h - a +0 pair of gloves (worn)
 p - a +0 plate armour (worn)
Jewellery
 i - a ring of magical power
 y - a +4 ring of evasion
 C - an amulet of reflection (around neck)
Wands
 A - a wand of iceblast (19)
 F - a wand of digging (7)
Scrolls
 j - a scroll of enchant armour {unknown}
 k - a scroll of amnesia {unknown}
 m - a scroll of noise {unknown}
 o - 2 scrolls of magic mapping {unknown}
 s - a scroll of immolation {unknown}
 u - 4 scrolls of teleportation {unknown}
 v - a scroll of enchant weapon {unknown}
 w - a scroll of torment {unknown}
 B - 4 scrolls of identify {unknown}
 D - a scroll of vulnerability {unknown}
 E - a scroll of fog {unknown}
Potions
 d - a potion of might
 f - 3 potions of curing
 l - 3 potions of degeneration {unknown}
 n - 2 potions of mutation {unknown}
 q - a potion of flight {unknown}
 t - 2 potions of brilliance {unknown}
 x - 2 potions of haste {unknown}
 z - 2 potions of berserk rage {unknown}
 G - a potion of cancellation {unknown}
Miscellaneous
 r - a tin of tremorstones (2/2)


   Skills:
 + Level 7.6 Fighting
 + Level 11.5 Long Blades
 + Level 10.0 Armour
 + Level 2.0 Dodging
 + Level 0.6 Stealth
 + Level 7.6 Shields


You had 9 spell levels left.
You didn't know any spells.
Your spell library contained the following spells:

 Spells                   Type           Power      Damage    Failure   Level
 Static Discharge         Conj/Air       0%         N/A       100%        2
 Stone Arrow              Conj/Erth      0%         3d7       100%        3
 Blade Hands              Tmut           0%         N/A       100%        5
 Irradiate                Conj/Tmut      0%         3d13      100%        5
 Lightning Bolt           Conj/Air       0%         1d11      100%        5
 Dragon Form              Tmut           0%         N/A       100%        7
 Lehudib's Crystal Spear  Conj/Erth      0%         10d2      100%        8
 Maxwell's Capacitive Co  Air            0%         ∞         100%        8
 Animate Armour           Summ/Erth      Unusable   N/A       N/A         4

Dungeon Overview and Level Annotations

Branches:
Dungeon (10/15)            Temple (1/1) D:6             Orc (0/2) D:9
   Lair: D:8-11

Altars:
Okawaru
Trog
Vehumet
Wu Jian
Xom

Shops:
D:4 (   D:6 *?*!   D:10 *


Innate Abilities, Weirdness & Mutations

You have a pair of horns on your head.
You reflexively headbutt those who attack you in melee.


Message History

The orc priest is severely wounded.
You block the orc priest's attack.
An orc priest comes into view.
It is wielding a +1 falchion of flaming.
Unknown command.
You closely miss the orc priest.
You headbutt the orc priest, but do no damage.
The orc priest is severely wounded.
You block the orc priest's attack.
Unknown command.
The orc priest calls down the wrath of Beogh upon you.
Beogh smites you! You block the orc priest's attack.
You hear a shout!
An orc priest comes into view. It is wielding a +0 dagger.
The orc priest shouts!
The orc priest invokes the aid of Beogh against you.
Pain shoots through your body!
The orc priest calls down the wrath of Beogh upon something.
Beogh smites you!
The orc priest mumbles some strange prayers to Beogh against you.
Beogh smites you!
Unknown command.
An orc wizard comes into view. It is wielding a +0 dagger of pain.
The orc wizard shouts!
The orc priest invokes the aid of Beogh against the orc wizard.
Beogh smites you!
* * * LOW HITPOINT WARNING * * *
The orc priest calls upon Beogh to heal the orc priest.
The orc priest is healed somewhat.
There is an open door here.
The orc priest mumbles some strange prayers to Beogh against you.
Beogh smites you!
* * * LOW HITPOINT WARNING * * *
You hear a shout!
Things that are here:
a +0 short sword; an orc corpse
Things that are here:
a +0 flail; an orc corpse The orc priest calls down the wrath of Beogh upon you.
Beogh smites you!
You die...

#..o...o).####o###+
#..#####).#...##
#..# #).#.8.# #.o#
#).#...# #.o#
#..##o## #..#
#.)o..# #..#
#.)..## #.)# #)).##
#.@# #...# #..#
#)..# #..# #...#
#..# #...# #.)#
#...# #..# #...#
#..# #...# #..#
#...# #..# #...#


You could see 2 orc priests.

Vanquished Creatures
  A two-headed ogre (D:9)
  Pikel (D:4)
  A centaur zombie (D:6)
  5 yaks
  Menkaure (D:6)
  Edmund (D:5)
  A water moccasin (D:7)
  2 sky beasts
  A black bear (D:10)
  2 ogres
  2 kobold brigands
  2 phantoms (D:6)
  A bullfrog (D:10)
  2 scorpions
  A water moccasin zombie (D:5)
  A water moccasin skeleton (D:5)
  3 wights (D:5)
  7 bullfrog zombies
  3 bullfrog skeletons (D:5)
  2 centaur skeletons
  2 hounds
  A jelly (D:6)
  An orc priest (D:10)
  5 orc wizards
  A scorpion zombie (D:5)
  A killer bee zombie (D:5)
  2 howler monkey zombies
  A gnoll (D:6)
  5 adders
  A shadow imp (D:6)
  A white imp (D:5)
  A worm (D:3)
  2 dart slugs
  17 orcs
  5 ball pythons
  5 bats
  5 endoplasms
  2 giant cockroaches
  6 goblins
  3 hobgoblins
  7 jackals
  32 kobolds
  3 quokkas
  2 frilled lizards
  9 rats
160 creatures vanquished.

Vanquished Creatures (others)
  8 fungi (D:10)
  73 plants
  2 withered plants (D:5)
83 creatures vanquished.

Grand Total: 243 creatures vanquished

Notes
Turn   | Place    | Note
-------+----------+-------------------------------------------
     0 | D:1      | Peloso the Minotaur Fighter began the quest for the Orb.
     0 | D:1      | Reached XP level 1. HP: 19/19 MP: 0/0
    25 | D:1      | Reached XP level 2. HP: 26/27 MP: 1/1
   614 | D:2      | Found a faded altar of an unknown god.
   722 | D:2      | Reached XP level 3. HP: 29/33 MP: 2/2
  1955 | D:3      | Reached skill level 3 in Long Blades
  2051 | D:3      | Reached XP level 4. HP: 39/40 MP: 3/3
  2320 | D:4      | Noticed an ogre
  2328 | D:4      | Killed an ogre
  2329 | D:4      | Reached skill level 4 in Long Blades
  2329 | D:4      | Reached skill level 5 in Armour
  2329 | D:4      | Reached XP level 5. HP: 46/47 MP: 4/4
  2480 | D:4      | Found a radiant altar of Vehumet.
  2480 | D:4      | Found an ornate altar of the Wu Jian Council.
  2676 | D:4      | Noticed a lemure
  2677 | D:4      | Noticed a lemure
  2685 | D:4      | Noticed Pikel
  2697 | D:4      | Noticed a lemure
  2702 | D:4      | Killed Pikel
  2703 | D:4      | Reached skill level 6 in Long Blades
  2703 | D:4      | Reached XP level 6. HP: 7/55 MP: 5/5
  2703 | D:4      | Reached XP level 7. HP: 7/60 MP: 6/6
  3035 | D:4      | Noticed a yak
  3047 | D:4      | Noticed a yak
  3048 | D:4      | Noticed a yak
  3077 | D:3      | Killed a yak
  3078 | D:3      | Reached skill level 5 in Fighting
  3078 | D:3      | Reached skill level 7 in Long Blades
  3078 | D:3      | Reached skill level 1 in Dodging
  3294 | D:4      | Found Xoemoc's Weapon Shop.
  3440 | D:4      | Noticed a yak
  3441 | D:4      | Noticed a yak
  3486 | D:5      | Entered Level 5 of the Dungeon
  3518 | D:5      | Killed a yak
  3519 | D:5      | Reached skill level 8 in Long Blades
  3519 | D:5      | Reached XP level 8. HP: 36/68 MP: 7/7
  3831 | D:3      | Reached skill level 5 in Shields
  3998 | D:3      | Reached skill level 9 in Long Blades
  5423 | D:5      | Reached XP level 9. HP: 63/78 MP: 8/8
  5807 | D:5      | Noticed Edmund
  5816 | D:5      | Killed Edmund
  6511 | D:6      | Found Enuter's Assorted Antiques.
  6708 | D:6      | Found Saeng's Distillery.
  6711 | D:6      | Noticed Menkaure
  6719 | D:6      | Killed Menkaure
  6720 | D:6      | Reached skill level 10 in Long Blades
  7025 | D:6      | Found a staircase to the Ecumenical Temple.
  7051 | Temple   | Entered the Ecumenical Temple
  7113 | Temple   | Became a worshipper of Warmaster Okawaru
  7188 | D:6      | Found Fecs's General Store.
  7643 | D:6      | Found Zasadi's Magic Scroll Shoppe.
  8003 | D:7      | Reached skill level 11 in Long Blades
  8209 | D:7      | You fall into a shaft and drop 3 floors!
  8209 | D:10     | Entered Level 10 of the Dungeon
  8302 | D:10     | Found Piddaf's Elemental Accessories.
  8655 | D:10     | Reached * piety under Okawaru
  8787 | D:9      | Noticed a two-headed ogre
  8798 | D:9      | Killed a two-headed ogre
  8799 | D:9      | Reached XP level 10. HP: 8/86 MP: 9/9
  9212 | D:9      | Reached skill level 10 in Armour
  9233 | D:9      | Found a staircase to the Orcish Mines.
  9304 | D:9      | HP: 2/86 [orc priest/divine providence (16)]
  9323 | D:9      | Killed from afar by an orc priest

Illustrated notes

Levels and vault maps discovered:
D:1:      dpeg_arrival_fog, layout_rooms
D:2:      layout_basic, hellmonk_ecumenical_altar_arch_garden,
          chequers_serial_rivers_micro_b
D:3:      layout_loops_ring, minmay_checkerbox
D:4:      layout_layer_cave, chequers_temple_overflow_statue_of_worship,
          serial_shops, nicolae_shop_hallway_plus, uniq_pikel
D:5:      kennysheep_kobold_camp, layout_loops_ring, serial_undead,
          serial_undead_e, serial_undead_b, serial_undead_d, serial_undead_a,
          uniq_edmund
D:6:      layout_basic, temple_doors_e, serial_shops, shop_coins,
          nicolae_stop_n_shop_1, nicolae_stop_n_shop_1, shop, st_stairs_1,
          uniq_menkaure
D:7:      layout_basic
D:9:      layout_long_grid, hiddenorc2_lemuel
D:10:     layout_grid_maze, grunt_lair_entry_orc_guard_hut,
          nicolae_elemental_shop, uniq_nergalle
Temple:   mainiacjoe_temple_cubbyholes

Skill      XL: |  1  2  3  4  5  6  7  8  9 10 |
---------------+-------------------------------+-----
Fighting       | 4 5 6 7 |  7.6
Shields        | 4 5 7 |  7.6
Armour         | 4 5 6 7 8 9 10 | 10.0
Long Blades    | 3 4 6 8 9 11 | 11.5
Dodging        | 1 2 |  2.0
Stealth        | |  0.6

Action                   |  1- 3 |  4- 6 |  7- 9 | 10-12 || total
-------------------------+-------+-------+-------+-------++-------
Melee: Long sword        |    92 |    36 |   195 |       ||   323
       Headbutt          |    14 |     5 |    89 |     7 ||   115
       Falchion          |       |       |   213 |    31 ||   244
  Use: Potion            |     2 |     2 |       |       ||     4
Armor: Scale mail        |    20 |       |       |       ||    20
       Chain mail        |    11 |       |       |       ||    11
       Plate armour      |     9 |    22 |   185 |    11 ||   227
Dodge: Dodged            |    48 |    13 |    77 |     1 ||   139
Block: Buckler           |    14 |     3 |       |       ||    17
       Kite shield       |       |    11 |   182 |    25 ||   218
       Reflection        |       |       |     4 |       ||     4
